 Dungeon Crawl Stone Soup version 0.21.1-1-g345015f (webtiles) character file.

1261 Krilegs the Magician (level 8, -10/53 HPs)
             Began as a Green Draconian Transmuter on May 6, 2018.
             Was a Priest of Hepliaklqana.
             Mangled by a wyvern (15 damage)
             ... on level 7 of the Dungeon.
             The game lasted 00:29:10 (5759 turns).

Krilegs the Magician (Green Draconian Transmuter)   Turns: 5759, Time: 00:29:11

Health: -10/53     AC: 10    Str: 12    XL:     8   Next: 27%
Magic:  16/16      EV: 13    Int: 16    God:    Hepliaklqana [***...]
Gold:   378        SH:  0    Dex: 12    Spells: 8/18 levels left

rFire    x . .     SeeInvis .     - Unarmed
rCold    + . .     Gourm    .   (no shield)
rNeg     . . .     Faith    .   (armour unavailable)
rPois    +         Spirit   .   (helmet restricted)
rElec    .         Reflect  .   k - +0 cloak
rCorr    .         Harm     .   (no gloves)
MR       .....                  j - +2 pair of boots
Stlth    +.........             d - amulet of magic regeneration
HPRegen  0.17/turn              n - ring of ice
MPRegen  0.40/turn              (no ring)

@: confused, lethally poisoned (-10 -> -12)
A: breathe noxious fumes, unfitting armour, reduced essence, poison resistance,
cold-blooded, AC +6
a: Breathe Noxious Fumes, Recall Ancestor, Ancestor Identity, Transference,
Renounce Religion


You were on level 7 of the Dungeon.
You worshipped Hepliaklqana.
Hepliaklqana was most pleased with you.
You were not hungry.

You visited 1 branch of the dungeon, and saw 7 of its levels.

You collected 378 gold pieces.

Inventory:

Missiles
 a - 80 arrows
Armour
 j - a +2 pair of boots (worn)
 k - a +0 cloak (worn)
Jewellery
 d - an amulet of magic regeneration (around neck)
 h - an uncursed amulet of guardian spirit
 n - a ring of ice (left hand)
 o - an uncursed amulet of inaccuracy
Scrolls
 e - 2 scrolls of teleportation
 f - a scroll of remove curse
 g - 5 scrolls of identify
 i - 2 scrolls of enchant weapon
 l - a scroll of fog
 q - a scroll of amnesia
Potions
 m - a potion of ambrosia
 p - a potion of magic {unknown}
 r - a potion of cancellation {unknown}
Books
 b - a book of Changes

   Spells                             Type                      Level
   a - Beastly Appendage              Transmutation                1
   b - Sticks to Snakes               Transmutation                2
   c - Spider Form                    Transmutation/Poison         3
   d - Ice Form                       Ice/Transmutation            4
   e - Blade Hands                    Transmutation                5
Comestibles
 c - 6 rations


   Skills:
 + Level 1.5 Fighting
 + Level 2.9 Dodging
 + Level 2.0 Stealth
 + Level 5.4 Unarmed Combat
 * Level 5.6 Spellcasting
 * Level 5.0 Transmutations
 * Level 2.6 Ice Magic
 + Level 0.4 Poison Magic


You had 8 spell levels left.
You knew the following spells:

 Your Spells              Type           Power        Failure   Level  Hunger
a - Beastly Appendage     Tmut           ###...       1%          1    None
b - Spider Form           Tmut/Pois      ##........   14%         3    ###....
c - Sticks to Snakes      Tmut           ###.....     2%          2    #......
d - Ice Form              Ice/Tmut       ####....     28%         4    ####...


Dungeon Overview and Level Annotations

Branches:
Dungeon (7/15)             Temple (0/1) D:4

Altars:
Ashenzari
Hepliaklqana
Qazlal
Ru
Trog
Vehumet
The Shining One

Shops:
D:5 [

Portals:
Bailey: D:7


Innate Abilities, Weirdness & Mutations

You can breathe blasts of noxious fumes.
Your lurid green scales are hard. (AC +6)
You cannot fit into any form of body armour.
Your system is resistant to poisons. (rPois)
You are cold-blooded and may be slowed by cold attacks.
Your life essence is reduced to manifest your ancestor. (-10% HP)


Message History

You are confused.
You feel invigorated.
You feel sick. The wyvern bites you!
* * * LOW HITPOINT WARNING * * *
The adder completely misses you. The wyvern completely misses you.
Your transformation has ended.
Your +0 cloak unmelds from your body.
Your +2 pair of boots unmelds from your body.
You feel sick. The wyvern misses you. The adder bites you but does no damage.
In your confused state, you trip and fall down the stairs.
* * * LOW HITPOINT WARNING * * *
You climb downwards.
You hear the roar of battle.
There is an entrance to a bailey on this level.
Hurry and find it before the portal closes forever!
The orc warrior hits you with a trident!
* * * LOW HITPOINT WARNING * * *
The orc misses you.
There is a stone staircase leading up here.
You can't go down here!
You feel sick. The wyvern bites you!
You die...

..... ...)..#
..... ..)∩)..
....$ ...)...
...... .......
......
.....#.###......
#..............
###....†........
#......)@l.#...
..#....Soo.#
.......#####
...#### ?. .


You could see an orc warrior, a wyvern, an adder and an orc.

Vanquished Creatures
  A water moccasin (D:7)
  A centaur (D:4)
  A bullfrog (D:6)
  A howler monkey (D:5)
  A bullfrog skeleton (D:4)
  An iguana (D:4)
  4 gnolls
  3 adders
  A shadow imp (D:5)
  2 oozes
  2 adder skeletons
  2 worms
  A dart slug (D:1)
  4 leopard geckos
  An orc (D:7)
  9 bats
  2 giant cockroaches
  8 goblins
  6 hobgoblins
  16 jackals
  3 quokkas
  2 frilled lizards (D:1)
  6 kobolds
  A leopard gecko skeleton (D:5)
  5 rats
84 creatures vanquished.

Vanquished Creatures (collateral kills)
  A sky beast (D:4)
  A necrophage (D:6)
  2 ogres
  A bullfrog (D:6)
  2 howler monkeys
  A centaur zombie (D:5)
  A jelly (D:6)
  2 hounds (D:5)
  3 worker ants
  An adder (D:5)
  3 gnolls
  A worm (D:4)
  2 leopard geckos
  2 orcs (D:7)
  3 giant cockroaches
  A frilled lizard (D:4)
  A goblin (D:2)
  2 rats
30 creatures vanquished.

Vanquished Creatures (others)
  A worker ant (D:5)
  2 battlemagi
3 creatures vanquished.

Grand Total: 117 creatures vanquished

Notes
Turn   | Place    | Note
-------+----------+-------------------------------------------
     0 | D:1      | Krilegs the Draconian Transmuter began the quest for the Orb.
     0 | D:1      | Reached XP level 1. HP: 16/16 MP: 3/3
   237 | D:1      | Reached XP level 2. HP: 23/23 MP: 3/5
   874 | D:1      | Reached XP level 3. HP: 27/28 MP: 3/6
  1103 | D:2      | Found a radiant altar of Vehumet.
  1216 | D:2      | Learned a level 3 spell: Spider Form
  1219 | D:2      | Learned a level 2 spell: Sticks to Snakes
  1433 | D:2      | Found a shattered altar of Ashenzari.
  1433 | D:2      | Found a bloodstained altar of Trog.
  1594 | D:2      | Reached XP level 4. HP: 4/35 MP: 0/8
  2008 | D:2      | Found a faded altar of an unknown god.
  2013 | D:2      | Became a worshipper of Hepliaklqana the Forgotten
  2013 | D:2      | Reached * piety under Hepliaklqana
  2350 | D:3      | Found a sacrificial altar of Ru.
  2456 | D:3      | Found a hazy altar of Hepliaklqana.
  3080 | D:4      | Reached ** piety under Hepliaklqana
  3081 | D:4      | Remembered your ancestor Goyvanni as a battlemage
  3132 | D:4      | Noticed a centaur
  3142 | D:4      | Killed a centaur
  3142 | D:4      | Reached XP level 5. HP: 8/36 MP: 8/10
  3387 | D:4      | Found a staircase to the Ecumenical Temple.
  3449 | D:4      | Noticed a sky beast
  3459 | D:4      | Killed a sky beast
  3459 | D:4      | Reached XP level 6. HP: 39/42 MP: 10/12
  3580 | D:4      | Found a glowing golden altar of the Shining One.
  3617 | D:4      | Found a stormy altar of Qazlal.
  3993 | D:5      | Entered Level 5 of the Dungeon
  4168 | D:5      | Reached skill level 1 in Stealth
  4177 | D:5      | Learned a level 4 spell: Ice Form
  4217 | D:5      | Your scales start taking on a lurid green colour.
  4217 | D:5      | Reached XP level 7. HP: 46/46 MP: 14/14
  4217 | D:5      | Gained mutation: Your system is resistant to poisons. (rPois) [Green Draconian growth]
  4256 | D:5      | Reached skill level 1 in Ice Magic
  4289 | D:5      | Found Fygius's Armour Shoppe.
  4805 | D:6      | Reached skill level 5 in Spellcasting
  5032 | D:6      | Reached skill level 5 in Unarmed Combat
  5032 | D:6      | Reached XP level 8. HP: 49/53 MP: 14/16
  5471 | D:6      | Reached *** piety under Hepliaklqana
  5736 | D:7      | Found a flagged portal.
  5745 | D:7      | Reached skill level 5 in Transmutations
  5756 | D:6      | HP: 1/53 [wyvern (12)]
  5759 | D:7      | Mangled by a wyvern

Skill      XL: |  1  2  3  4  5  6  7  8 |
---------------+-------------------------+-----
Dodging        | 2 |  2.9
Transmutations | 3 4 5 |  5.0
Spellcasting   | 3 4 5 |  5.6
Unarmed Combat | 4 5 |  5.4
Stealth        | 1 2 |  2.0
Ice Magic      | 2 |  2.6
Fighting       | |  1.5
Poison Magic   | |  0.4

Action                   |  1- 3 |  4- 6 |  7- 9 || total
-------------------------+-------+-------+-------++-------
Melee: Dagger            |    29 |       |       ||    29
       Headbutt          |    10 |    11 |     7 ||    28
       Tailslap          |    17 |     8 |     8 ||    33
       Kick              |    12 |       |       ||    12
       Unarmed           |   145 |   135 |    78 ||   358
       Punch             |       |       |     3 ||     3
 Cast: Beastly Appendage |    42 |    24 |    13 ||    79
       Sticks to Snakes  |     2 |       |       ||     2
       Spider Form       |       |     4 |     1 ||     5
Invok: Ancestor Identity |       |     2 |       ||     2
       Ancestor Life: Ba |       |     1 |       ||     1
  Use: Potion            |     3 |     4 |     4 ||    11
       Scroll            |     3 |     5 |     3 ||    11
 Stab: Distracted        |       |     1 |     2 ||     3
       Sleeping          |       |       |     1 ||     1
  Eat: Chunk             |     3 |     2 |     2 ||     7
       Ration            |       |     2 |     1 ||     3
Armor: Skin              |   108 |    45 |    23 ||   176
Dodge: Dodged            |   207 |    76 |    78 ||   361
